 Dungeon Crawl Stone Soup version 0.29.1-4-g47bece8355 (webtiles) character file.

Game seed: 6677737325665004188

21 fleeber the Shooter (level 3, 1/28 HPs)
             Began as a Human Hunter on Dec 2, 2022.
             Quit the game on level 2 of the Dungeon.
             The game lasted 00:02:29 (646 turns).

fleeber the Shooter (Human Hunter)                   Turns: 646, Time: 00:02:30

Health: 1/28       AC:  3    Str: 11    XL:     3   Next: 2%
Magic:  3/3        EV: 12    Int:  9    God:
Gold:   47         SH:  0    Dex: 18    Spells: 2/2 levels left

rFire   . . .      SeeInvis .   a - +1 shortbow
rCold   . . .      Faith    .   (shield currently unavailable)
rNeg    . . .      Spirit   .   c - +0 leather armour
rPois   .          Reflect  .   (no helmet)
rElec   .          Harm     .   (no cloak)
rCorr   .          Rampage  .   (no gloves)
Will    .....                   (no boots)
Stlth   ++........              (no amulet)
HPRegen 0.09/turn               (no ring)
MPRegen 0.08/turn               (no ring)

@: no status effects
A: no striking features
a: no special abilities


You were on level 2 of the Dungeon.
You visited 1 branch of the dungeon, and saw 2 of its levels.

You collected 47 gold pieces.

Inventory:

Hand Weapons
 a - a +1 shortbow (weapon)
Missiles
 j - 4 stones
Armour
 c - a +0 leather armour (worn)
Wands
 i - a wand of charming (3)
Scrolls
 b - 2 scrolls of immolation
Potions
 d - a potion of degeneration {unknown}
 e - a potion of lignification {unknown}
 f - a potion of flight {unknown}
 h - a potion of heal wounds {unknown}


   Skills:
 * Level 2.5 Fighting
 + Level 4.2 Ranged Weapons
 - Level 2.2 Dodging
 - Level 1.4 Stealth


You had 2 spell levels left.
You didn't know any spells.
Your spell library was empty.

Dungeon Overview and Level Annotations

Branches:
Dungeon (1/15)

Altars:

Annotations:
D:2 Robin


Message History

The hobgoblin hits you but does no damage.
The bat moves out of view.
You shoot an arrow. The arrow barely misses Robin.
Robin says, "A pitiful Human like you will never find the ORB!"
Robin hits you with a +4 falchion. The goblin misses you.
The hobgoblin misses you. Robin hits you with a +4 falchion!
The goblin hits you with a +0 club.
* * * LOW HITPOINT WARNING * * *
The hobgoblin hits you.
* * * LOW HITPOINT WARNING * * *
You are too injured to fight recklessly!
You are too injured to fight recklessly!
You are too injured to fight recklessly!
You are too injured to fight recklessly!
You are too injured to fight recklessly!
You are too injured to fight recklessly!
You are too injured to fight recklessly!
You are too injured to fight recklessly!
You are too injured to fight recklessly!
You are too injured to fight recklessly!
You are too injured to fight recklessly!
You are too injured to fight recklessly!
Really attack while wielding your +1 shortbow? [Y]es or [N]o only, please.
Really attack while wielding your +1 shortbow? [Y]es or [N]o only, please.
Really attack while wielding your +1 shortbow? [Y]es or [N]o only, please.
Really attack while wielding your +1 shortbow? [Y]es or [N]o only, please.
Really attack while wielding your +1 shortbow? [Y]es or [N]o only, please.
Really attack while wielding your +1 shortbow?
You clumsily bash the hobgoblin but do no damage.
Robin roars a battlecry!
The goblins go into a battle-frenzy!
The goblin hits you with a +0 club.
* * * LOW HITPOINT WARNING * * *
The hobgoblin barely misses you.
Are you sure you want to abandon this character and quit the game? (Confirm with "yes".)

.. ## #. .# .. .# . .. .#
###### #g . .# #....#
#.##r### .### .# #.##.#
#..gggg# ..# .###.##.#
#@# ...
.....##.########g# #.###
# .######..).......#
#...#..# .#
#####..###########......#
.# #..............#.##.#
## ##.########).### #
#........#...#
########.##..# .....


You could see Robin, a hobgoblin (strong), 4 goblins and a rat.

Vanquished Creatures
  2 bats (D:1)
  2 endoplasms
  A giant cockroach (D:1)
  4 goblins
  3 hobgoblins
  A kobold (D:2)
  A quokka (D:1)
  2 frilled lizards (D:1)
  A rat (D:1)
17 creatures vanquished.

Vanquished Creatures (others)
  A plant (D:2)
1 creature vanquished.

Grand Total: 18 creatures vanquished

Notes
Turn   | Place    | Note
-------+----------+-------------------------------------------
     0 | D:1      | fleeber the Human Hunter began the quest for the Orb.
     0 | D:1      | Reached XP level 1. HP: 16/16 MP: 1/1
   256 | D:1      | Reached XP level 2. HP: 22/22 MP: 2/2
   513 | D:1      | You fall into a shaft and drop 1 floor!
   637 | D:2      | Noticed Robin
   642 | D:2      | Reached XP level 3. HP: 26/28 MP: 3/3
   645 | D:2      | HP: 1/28 [goblin/+0 club (1)]
   646 | D:2      | Quit the game

Illustrated notes

Levels and vault maps discovered:
D:1:      amcnicky_arrival_choice, layout_loops_ring, patterned_corridor
D:2:      layout_basic, shapermc_ecumenical_altar_venn, serial_bayou_pond_b,
          uniq_robin

Action                   || total
-------------------------++-------
Melee: Shortbow          ||     1
 Fire: Shortbow          ||    29
  Use: Scroll            ||     1
Armor: Leather armour    ||     4
Dodge: Dodged            ||    14
